 Dungeon Crawl Stone Soup version 0.17-a0-1714-g35622ae (webtiles) character file.

3205 kae the Fencer (level 9, -6/70 HPs)
             Began as a Minotaur Fighter on Aug 23, 2015.
             Was an Initiate of Makhleb.
             Killed from afar by a battlesphere (19 damage)
             ... created by cireshan's ghost
             ... on level 9 of the Dungeon.
             The game lasted 00:08:22 (8597 turns).

kae the Fencer (Minotaur Fighter)                   Turns: 8597, Time: 00:08:22

Health: -6/70      AC:  9    Str: 27    XL:     9   Next: 65%
Magic:  8/8        EV: 10    Int:  7    God:    Makhleb [......]
Gold:   386        SH:  0    Dex: 10    Spells: 0 memorised, 8 levels left

rFire  + . .     SeeInvis .     P - +0 great sword
rCold  . . .     Clarity  .     b - +0 scale mail
rNeg   . . .     SustAt   +     (no shield)
rPois  .         Gourm    .     (helmet restricted)
rElec  .         Spirit   .     (no cloak)
rCorr  .         Warding  .     p - +1 pair of gloves
rMut   .         Stasis   .     (no boots)
MR     .....                    (no amulet)
Stlth  ..........               F - ring of protection from fire
                                u - ring of sustain attributes

@: mighty, not resistant to hostile enchantments, extremely unstealthy
A: retaliatory headbutt, horns 2
a: Renounce Religion


You were on level 9 of the Dungeon.
You worshipped Makhleb.
Makhleb was noncommittal.
You were not hungry.

You visited 2 branches of the dungeon, and saw 10 of its levels.

You collected 428 gold pieces.
You spent 42 gold pieces at shops.

Inventory:

Hand weapons
 a - a +1 long sword
 M - the +5 rapier of Innocence {vamp, rF+ rC+ Int+2, unknown}
   (You found it on level 8 of the Dungeon)

   It inflicts no extra harm, but heals its wielder somewhat when it strikes a
   living foe.
   It affects your intelligence (+2).
   It protects you from fire.
   It protects you from cold.
 P - a +0 great sword (weapon)
Armour
 b - a +0 scale mail (worn)
 c - a +0 shield
 p - a +1 pair of gloves (worn)
 t - a gold dragon hide
Jewellery
 q - an uncursed ring of flight
 u - a ring of sustain attributes (left hand)
 E - an uncursed ring of fire
 F - a ring of protection from fire (right hand)
 O - an uncursed ring of poison resistance {unknown}
 S - an uncursed amulet of resist corrosion {unknown}
Magical devices
 e - a wand of random effects (20)
 l - a wand of disintegration (4)
 x - a wand of hasting (6)
 D - a wand of disintegration (9)
 H - a wand of paralysis (12)
Scrolls
 f - 2 scrolls of amnesia
 g - a scroll of immolation
 h - 4 scrolls of remove curse
 k - 5 scrolls of teleportation
 r - 6 scrolls of identify
 y - 2 scrolls of enchant weapon
 C - a scroll of fog {unknown}
 G - a scroll of recharging
 I - a scroll of enchant armour {unknown}
 J - a scroll of random uselessness {unknown}
Potions
 d - 2 potions of might
 i - a potion of haste {unknown}
 j - 7 potions of curing
 m - a potion of mutation {unknown}
 n - a potion of cancellation {unknown}
 o - a potion of agility {unknown}
 s - a potion of poison {unknown}
 v - a potion of invisibility {unknown}
 w - a potion of flight {unknown}
 A - a potion of heal wounds {unknown}
 L - a potion of degeneration {unknown}
 N - a potion of berserk rage {unknown}
Books
 Q - a book of Party Tricks

   Spells                             Type                      Level
   a - Summon Butterflies             Summoning                    1
   b - Apportation                    Translocation                1
   c - Tukima's Dance                 Hexes                        3
   d - Alistair's Intoxication        Transmutation/Poison         4
   e - Invisibility                   Hexes                        6
Comestibles
 z - 8 bread rations
 B - 3 meat rations
 R - a slice of pizza


   Skills:
 - Level 3.6 Fighting
 + Level 15.4 Long Blades
 - Level 3.6 Armour
 - Level 3.6 Shields


You had 8 spell levels left.
You didn't know any spells.

Dungeon Overview and Level Annotations

Branches:
Dungeon (9/15)             Temple (1/1) D:5
   Lair: D:8-11         Orc: D:9-12

Altars:
Ashenzari
Cheibriados
Dithmenos
Elyvilon
Fedhas
Gozag
Kikubaaqudgha
Makhleb
Nemelex Xobeh
Okawaru
Qazlal
Ru
Vehumet
Xom
Yredelemnul
Zin
The Shining One

Shops:
D:4 *

Annotations:
D:9 cireshan's ghost, experienced DECj


Innate Abilities, Weirdness & Mutations

You reflexively headbutt those who attack you in melee.
You have a pair of horns on your head.


Message History

You are electrocuted!
You hit cireshan's ghost.
Cireshan's ghost is moderately damaged.
Cireshan's ghost hits you but does no damage.
You closely miss cireshan's ghost. You headbutt cireshan's ghost.
Cireshan's ghost is moderately damaged.
You slash cireshan's ghost!
Cireshan's ghost is severely damaged.
Cireshan's ghost hits you!
You are electrocuted!
* * * LOW HITPOINT WARNING * * *
You slash cireshan's ghost!
Cireshan's ghost is almost destroyed.
Cireshan's ghost hits you!
* * * LOW HITPOINT WARNING * * *
You miss cireshan's ghost. Your headbutt misses cireshan's ghost.
Cireshan's ghost is almost destroyed.
Cireshan's ghost gestures at you while chanting.
The magic dart hits you!
The battlesphere fires!
The barrage of energy hits you!
You die...

#### ....#####
........###
..........## ....
...........##.....
......*.....#....#
......W.....#....#
.......@.........#
.............$.#
..............##
.............##
...........<.#
............##
............#
............#
...........#


You could see cireshan's ghost.

Vanquished Creatures
  Sigmund (D:4)
  A spriggan (D:7)
  A hungry ghost (D:7)
  An orc warrior (D:8)
  3 sky beasts
  2 centaurs (D:8)
  2 phantoms
  3 ogres
  2 big kobolds
  5 giant frogs
  2 scorpions
  A killer bee (D:8)
  A wasp zombie (D:8)
  2 jellies
  3 crimson imps
  4 hounds
  An orc priest (D:4)
  12 orc wizards
  4 iguanas
  5 worker ants
  3 worker ant zombies
  11 adders
  2 gnolls (D:7)
  A shadow imp (D:6)
  3 oozes
  A worm (D:4)
  7 giant geckos
  22 orcs
  9 giant cockroaches
  11 hobgoblins
  4 jackals
  3 quokkas
  4 ball pythons
  7 bats
  A giant gecko skeleton (D:6)
  3 giant newts
  2 gnoll zombies (D:5)
  7 goblins
  A jackal skeleton (D:4)
  12 kobolds
  A quokka skeleton (D:4)
  12 rats
183 creatures vanquished.

Notes
Turn   | Place    | Note
--------------------------------------------------------------
     0 | D:1      | kae the Minotaur Fighter began the quest for the Orb.
     0 | D:1      | Reached XP level 1. HP: 19/19 MP: 0/0
    26 | D:1      | Reached XP level 2. HP: 21/26 MP: 1/1
   415 | D:1      | Reached skill level 4 in Long Blades
   481 | D:1      | Reached XP level 3. HP: 31/31 MP: 2/2
   877 | D:2      | Found a stormy altar of Qazlal.
   928 | D:2      | Reached skill level 5 in Long Blades
   987 | D:2      | Reached XP level 4. HP: 31/39 MP: 3/3
  1018 | D:2      | Found a sparkling altar of Nemelex Xobeh.
  1653 | D:3      | Reached skill level 6 in Long Blades
  1686 | D:3      | Reached XP level 5. HP: 28/45 MP: 4/4
  1882 | D:3      | Found a white marble altar of Elyvilon.
  1932 | D:3      | Found an iron altar of Okawaru.
  2140 | D:4      | Found Xitiocw's General Store.
  2145 | D:4      | Reached skill level 7 in Long Blades
  2250 | D:4      | Bought a scroll of teleportation for 42 gold pieces
  2326 | D:4      | Reached XP level 6. HP: 34/51 MP: 5/5
  2425 | D:4      | Reached skill level 8 in Long Blades
  2701 | D:4      | Noticed Sigmund
  2712 | D:4      | Killed Sigmund
  2712 | D:4      | Reached skill level 9 in Long Blades
  2712 | D:4      | Reached XP level 7. HP: 51/57 MP: 6/6
  3562 | D:5      | Entered Level 5 of the Dungeon
  3709 | D:5      | Reached skill level 10 in Long Blades
  3871 | D:5      | Found a staircase to the Ecumenical Temple.
  3894 | Temple   | Entered the Ecumenical Temple
  4286 | D:5      | Found a basalt altar of Yredelemnul.
  4343 | D:6      | Reached skill level 11 in Long Blades
  4343 | D:6      | Reached XP level 8. HP: 56/64 MP: 7/7
  4808 | D:6      | Found an ancient bone altar of Kikubaaqudgha.
  4905 | D:6      | Reached skill level 12 in Long Blades
  5967 | D:7      | Reached skill level 13 in Long Blades
  6366 | D:7      | Reached XP level 9. HP: 64/70 MP: 8/8
  6460 | D:7      | Found a shimmering altar of Xom.
  6676 | D:7      | Found a burning altar of Makhleb.
  6738 | D:7      | Became a worshipper of Makhleb the Destroyer
  6979 | D:7      | Reached skill level 14 in Long Blades
  7234 | D:8      | Got a translucent rapier
  7846 | D:8      | Found an opulent altar of Gozag.
  7876 | D:8      | Reached skill level 15 in Long Blades
  8285 | D:9      | Noticed cireshan's ghost (experienced DECj)
  8597 | D:9      | Killed from afar by a battlesphere

Vault maps used:
D:1:      arrival_zaba_pyramid, st_stairs_4
D:2:      nemelex_deck, nicolae_qazlal_general_emergency
D:3:      lemuel_coloured_pillars_altar, nicolae_overflow_crystal_walls
D:4:      serial_shops, shop, first_bread, uniq_sigmund
D:5:      nicolae_overflow_hidden_temple, lemuel_zombie_altar_yredelemnul,
          minmay_temple_entry_statues_pillars
D:6:      lemuel_round_altar, minmay_misc_feat_tiny
D:7:      lightli_temple_of_fire, xom_teletrap_fun, enter_ossuary_2,
          minmay_misc_feat_more_columns, the_bakery
D:8:      nicolae_gozag_seed_capital, minmay_misc_feat_square
D:9:      tgw_sif, lemuel_round_altar, lair_0_dummy
Temple:   circular_temple_pool_8

Action                   |  1- 3 |  4- 6 |  7- 9 || total
-------------------------+-------+-------+-------++-------
Melee: Long sword        |    88 |   142 |   260 ||   490
       Great sword       |       |       |    77 ||    77
  Use: Scroll            |       |     7 |       ||     7
       Potion            |       |       |     1 ||     1
  Eat: Chunk             |       |     6 |    15 ||    21
       Pizza             |       |       |     2 ||     2
       Bread ration      |       |       |     1 ||     1
